[Event "Turnier 1900-2000 "]
[Site "?"]
[Date "2006.??.??"]
[Round "?"]
[White "Citrine, Novag"]
[Black "Polgar, Mephisto"]
[Result "1-0"]
[ECO "C43"]
[WhiteElo "1990"]
[BlackElo "1970"]
[Annotator "Thomas Jäger"]
[PlyCount "104"]
[EventDate "2006.??.??"]
[TimeControl "300+2"]

{32MB, book.ctg, ANJATHOMAS} 1. e4 e5 2. Nf3 Nf6 3. d4 Nxe4 4. Bd3 d5 5. Nxe5
Nd7 6. Qe2 {letzter Buchzug} Qe7 {letzter Buchzug} 7. Bf4 Nxe5 8. dxe5 Nc5 9.
O-O Nxd3 10. cxd3 Bf5 11. Nc3 Qd7 12. d4 Be7 13. Rac1 O-O 14. Nd1 c6 15. Bd2
Rae8 16. Ne3 Be4 17. f3 Bf5 18. Nxf5 Qxf5 19. f4 Bd6 20. Rf3 Qg4 21. Qf1 Be7
22. Rb3 Rb8 23. Qf3 Qf5 24. Qd3 Qxd3 25. Rxd3 g6 26. Kf2 Kg7 27. Ke3 Rbc8 28.
Rb3 b6 29. Bb4 c5 30. Rbc3 Rfd8 31. Kf3 Rc6 32. dxc5 d4 33. Rc4 bxc5 34. Bxc5
Bxc5 35. Rxc5 Rxc5 36. Rxc5 d3 37. Rc1 f6 38. Rd1 fxe5 39. fxe5 Kf7 40. Ke4 d2
41. Ke3 g5 42. Rxd2 {Citrine +2,91} Rxd2 {Polgar -0,82} 43. Kxd2 Ke6 44. Kc3
Kxe5 45. Kb4 Kd6 (45... Ke4 46. Kb5 Ke3 47. Ka6 Kf2 48. Kxa7 Kxg2 49. b4 Kxh2
50. b5 g4 51. b6 g3 52. b7 g2 53. b8=Q+ {Weiss gewinnt, wenn er richtig vorgeht
}) 46. Ka5 Kc7 47. Ka6 Kb8 48. g4 Ka8 49. a4 Kb8 50. b4 Ka8 51. b5 Kb8 52. a5
h6 {Polgar gibt auf} 1-0

[Event "Turnier 1900-2000 "]
[Site "?"]
[Date "2006.??.??"]
[Round "?"]
[White "Super Expert B 6 MHz, Novag"]
[Black "Citrine, Novag"]
[Result "1-0"]
[ECO "A29"]
[WhiteElo "1919"]
[BlackElo "1990"]
[Annotator "Thomas Jäger"]
[PlyCount "97"]
[EventDate "2006.??.??"]
[TimeControl "300+2"]

{32MB, book.ctg, ANJATHOMAS} 1. c4 e5 2. Nc3 Nc6 3. Nf3 Nf6 4. g3 Bb4 5. Bg2
O-O 6. O-O e4 {letzter Buchzug} 7. Ne1 Bxc3 8. dxc3 {letzter Buchzug} Re8 9. c5
Re5 10. Be3 Qe8 11. Qc2 Nd5 12. Bd4 Re6 13. Qb3 {SEB +0,39} Nf6 {Citrine 0,00}
14. Bh3 Nxd4 15. cxd4 Ra6 16. Nc2 b6 {
?! d5! die schwarze Stellung siehr seltsam aus, ist aber wohl so schlecht nicht
} 17. Nb4 Ra5 18. Qc3 d5 {d6 ist besser} 19. Bg2 Bd7 20. c6 Bf5 21. Nc2 Rd8 22.
Ne3 Be6 23. a3 Qe7 24. Rfc1 Ra4 25. b3 Ra5 26. b4 Rb5 {
? Der unglückliche Turm hätte sich auf a3 abtauschen müssen} 27. Qb3 {+0,53 SEB
} Ne8 28. Nd1 Bc8 29. e3 a6 30. Rcb1 Qf6 31. a4 Rxb4 32. Qxb4 Qxc6 33. a5 Rd6
34. axb6 cxb6 35. Rc1 Qb7 36. Nc3 Bd7 37. f3 exf3 38. Bxf3 Bc6 39. Rab1 b5 40.
Qb3 Nf6 41. Ne2 Bd7 42. Rc5 Bc6 43. Nf4 Qa8 44. Qa3 Rd8 45. Ra1 Bb7 46. Qb3 Bc6
47. Qc3 Bb7 48. Rxb5 axb5 49. Rxa8 1-0

[Event "Turnier 1900-2000 "]
[Site "?"]
[Date "2006.??.??"]
[Round "?"]
[White "Citrine, Novag"]
[Black "Super Expert B 6 MHz, Novag"]
[Result "1-0"]
[ECO "C74"]
[WhiteElo "1990"]
[BlackElo "1919"]
[Annotator "Thomas Jäger"]
[PlyCount "122"]
[EventDate "2006.??.??"]
[TimeControl "300+2"]

{32MB, book.ctg, ANJATHOMAS} 1. e4 e5 2. Nf3 Nc6 3. Bb5 a6 4. Ba4 d6 5. c3 f5
6. exf5 Bxf5 7. d4 e4 8. Ng5 d5 9. f3 e3 {letzter Buchzug} 10. f4 {
letzter Buchzug} h6 11. Nf3 b5 12. Bc2 Nce7 {2 schlechte Züge des SEB} 13. O-O
Nf6 14. Bxe3 g6 15. Re1 Bg7 16. Bxf5 gxf5 17. Re2 c6 18. Nbd2 O-O 19. Ne5 Ne4
20. Qb3 Kh7 21. Rae1 Qd6 22. Qc2 Rae8 23. b3 Rf6 24. c4 bxc4 25. Nxe4 fxe4 26.
bxc4 Ra8 27. Rb1 Nf5 28. g3 Ra7 29. Bf2 Qc7 30. Ree1 h5 31. Qd1 Rh6 32. Qd2 Rb7
33. Qc2 Rxb1 34. Rxb1 Qa7 35. Rb3 Qa8 36. h3 Qg8 37. Kh2 Qa8 38. a4 Nd6 39. Be3
Nf5 40. Bf2 Nd6 41. Be3 Nf5 42. Qc3 h4 43. g4 Nxe3 44. Qxe3 Rf6 45. Rb6 Qc8 46.
Qf2 Kg8 47. g5 Re6 48. Qxh4 Qc7 49. c5 Bxe5 50. fxe5 a5 51. Qf4 Rg6 52. h4 Qe7
53. Rb8+ Kg7 54. Qf6+ Qxf6 55. exf6+ Kf7 56. Rc8 Rg8 57. Rxc6 Kg6 58. Kg3 Rb8
59. Kg4 Rb1 60. h5+ Kh7 61. Rc7+ Kg8 1-0

[Event "Turnier 1900-2000 "]
[Site "?"]
[Date "2006.??.??"]
[Round "?"]
[White "Centurion, Saitek"]
[Black "Elite V2, Fidelity"]
[Result "1-0"]
[ECO "B25"]
[WhiteElo "1979"]
[BlackElo "1993"]
[Annotator "Thomas Jäger"]
[PlyCount "113"]
[EventDate "2006.??.??"]
[TimeControl "300+2"]

{32MB, book.ctg, ANJATHOMAS} 1. e4 c5 2. Nc3 Nc6 3. g3 g6 4. Bg2 Bg7 5. d3 d6
6. f4 {letzter Buchzug} e5 7. Nf3 Nge7 8. O-O O-O {letzter Buchzug} 9. Be3 Bg4
10. h3 exf4 11. Bxf4 Be6 12. a3 Qb6 13. Na4 Qa5 14. c4 b5 15. Nc3 bxc4 16. Bxd6
Bxc3 17. bxc3 Rfd8 18. e5 Qxc3 19. Ng5 Qxd3 20. Qxd3 cxd3 21. Nxe6 fxe6 22.
Bxe7 Nxe7 23. Bxa8 Rxa8 24. Rf6 Nf5 {c4!} 25. Rxe6 Nxg3 26. Kf2 Nf5 27. Rc6 Nd4
28. Rc7 Ne6 {?! Tf8} 29. Rd7 c4 30. Rc1 Nc5 31. Rc7 d2 32. Rd1 Nd3+ 33. Kg3
Nxe5 34. Rxd2 Rb8 35. Rd5 Rb3+ 36. Kg2 Rb2+ 37. Kf1 Rb1+ 38. Ke2 Rb2+ 39. Kd1
Nf7 40. Rdd7 Rf2 41. Rxa7 h5 42. Ke1 Rf4 43. Ke2 Rf6 44. Rac7 Rf4 45. Ke3 Rf1
46. a4 c3 47. Rxc3 Re1+ 48. Kf2 Re8 49. Rcc7 Ne5 50. Rg7+ Kf8 51. a5 Nd3+ 52.
Kg3 Re3+ 53. Kg2 Re2+ 54. Kf3 Ra2 55. Rcf7+ Ke8 56. Ra7 Kf8 {-6,54} 57. Rgc7
1-0

[Event "Turnier 1900-2000 "]
[Site "?"]
[Date "2006.??.??"]
[Round "?"]
[White "Elite V2, Fidelity"]
[Black "Centurion, Saitek"]
[Result "1/2-1/2"]
[ECO "D37"]
[WhiteElo "1993"]
[BlackElo "1978"]
[Annotator "Thomas Jäger"]
[PlyCount "80"]
[EventDate "2006.??.??"]
[TimeControl "300+2"]

{32MB, book.ctg, ANJATHOMAS} 1. d4 d5 2. Nf3 Nf6 3. c4 e6 4. Nc3 Be7 5. Bf4 O-O
6. e3 c5 7. dxc5 Bxc5 8. cxd5 exd5 {letzter Buchzug} 9. Be2 Nc6 10. O-O b6 {
typisch für Centurion und Co} 11. Rc1 Bb7 12. Bg5 d4 13. Ne4 Qe7 14. Nxc5 bxc5
15. Qb3 Rfd8 16. Rfe1 Rab8 17. Qa3 h6 18. Bf4 Rbc8 19. Bd3 dxe3 (19... c4 20.
Qxe7 Nxe7 21. Bxc4 Bxf3 22. gxf3 {auch ist Weiss besser}) 20. Bf5 Nd7 21. Bxe3
Qf6 22. Be4 Re8 23. Bxc5 Nxc5 24. Rxc5 Rcd8 25. Rcc1 Re6 26. Qc5 Rde8 27. Bd5
Rxe1+ 28. Nxe1 Re2 29. b4 Nd4 30. Nd3 Bxd5 31. Qxd5 Rd2 32. Rc8+ {
Elite macht einige Fehler und steht jetzt eher schlechter} Kh7 33. Qe4+ Qg6 34.
Qxg6+ Kxg6 35. Nf4+ Kf6 36. g3 Rxa2 37. Nh5+ Kg6 38. Nf4+ Kf6 39. Nh5+ Kg6 40.
Nf4+ Kf6 1/2-1/2

[Event "Turnier 1900-2000 "]
[Site "?"]
[Date "2006.??.??"]
[Round "?"]
[White "Super Expert B 6 MHz, Novag"]
[Black "Citrine, Novag"]
[Result "1/2-1/2"]
[ECO "C54"]
[WhiteElo "1919"]
[BlackElo "1990"]
[Annotator "Thomas Jäger"]
[PlyCount "115"]
[EventDate "2006.??.??"]
[TimeControl "300+2"]

{32MB, book.ctg, ANJATHOMAS} 1. e4 e5 2. Nf3 Nc6 3. Bc4 Bc5 4. c3 Nf6 5. d3 d6
6. b4 Bb6 7. a4 a6 8. O-O O-O 9. Nbd2 Ne7 10. Bb3 {letzter Buchzug} Ng6 {
letzter Buchzug} 11. Nc4 Ba7 12. Be3 Bxe3 13. fxe3 Bg4 14. h3 Bd7 15. Qe2 Qe8
16. Rf2 b5 17. axb5 axb5 18. Na5 c6 19. Qe1 h6 20. Rfa2 Ra7 21. Qf2 Kh7 22. Qe1
Rh8 {planlos} 23. Kh2 Be6 24. c4 Qd7 25. cxb5 Bxb3 26. Nxb3 {bc ist interessant
} Rxa2 27. Rxa2 cxb5 28. Nbd2 Rc8 29. Qa1 Rc7 30. Ra8 Ne7 31. d4 Nc6 32. Qf1
Nxb4 33. dxe5 Ne8 34. Nd4 dxe5 35. Nxb5 Rc2 36. Nc4 Nc6 37. Nba3 Ra2 38. Qf5+
Qxf5 39. exf5 Nf6 40. Nd6 g6 41. Ra6 Nb4 42. Ra7 gxf5 43. Nxf7 e4 44. Ne5+ Kg8
45. Nf7 Kh7 46. Nd6+ {?!} Kg6 47. Nab5 Rxa7 48. Nxa7 Nc2 49. Nc6 Nxe3 50. Ne7+
Kg5 51. g3 Nd7 52. Nexf5 {?! in der Hoffnung; dass kein Bauer übrig bleibt}
Nxf5 53. Nxe4+ Kg6 54. g4 Nd4 {Se3 ist richtig} 55. h4 Ne5 56. Kh3 Ne6 57. g5
Nxg5+ {?! anders wird es auch remis} 58. hxg5 1/2-1/2

[Event "Turnier 1900-2000 "]
[Site "?"]
[Date "2006.??.??"]
[Round "?"]
[White "Roma II, Mephisto"]
[Black "Polgar, Mephisto"]
[Result "0-1"]
[ECO "C43"]
[WhiteElo "1970"]
[BlackElo "1970"]
[Annotator "Thomas Jäger"]
[PlyCount "150"]
[EventDate "2006.??.??"]
[TimeControl "300+2"]

{32MB, book.ctg, ANJATHOMAS} 1. e4 e5 2. Nf3 Nf6 3. d4 Nxe4 4. Bd3 d5 5. Nxe5 {
letzter Buchzug} Nd7 6. Nxd7 Bxd7 7. O-O Qh4 {letzetr Buchzug} 8. f3 Nd6 {
Ld6 mit Vorteil kann Polgar nicht errechnen} 9. Qe1+ Be7 10. Qxh4 {eben Roma}
Bxh4 11. Nc3 c6 12. Bf4 Nf5 13. Ne2 O-O 14. c3 Rae8 15. Ng3 Nxg3 16. hxg3 Be7
17. Kf2 g5 18. Bd2 c5 19. Rh1 f5 20. Rh5 cxd4 21. cxd4 Bf6 22. Bc3 b5 23. a3
Rf7 24. Rah1 Ree7 25. Rh6 a6 26. Bc2 Bc8 27. R1h5 Rc7 28. Bb1 g4 29. Ba2 Be6
30. Bb3 Rce7 31. Kf1 Re8 32. Kg1 gxf3 33. gxf3 Ree7 34. Kg2 a5 35. Bc2 f4 36.
gxf4 a4 37. Bd3 Rb7 38. Kf2 Rbe7 39. Bxb5 Bg7 40. Rg5 Kh8 41. Rh4 Bf6 42. Bxa4
Rg7 43. Rgh5 Bxh4+ 44. Rxh4 Rgf7 45. Bb4 Ra7 46. Bc2 Bf5 47. Bb3 Rad7 48. Rh5
Rf6 49. Rg5 h6 50. Rh5 Kg7 51. Ke3 Re6+ 52. Kd2 Kg6 53. Rh1 Rd8 54. Rc1 h5 55.
Rc5 Red6 56. Rb5 R6d7 57. Ba5 Re8 58. Rxd5 h4 {?} (58... Rxd5 59. Bxd5 h4 60.
Bc4 Rc8 61. Bf1 Rc2+ 62. Ke3 Rxb2 {und gewinnt wohl!}) 59. Rxd7 Bxd7 60. Bc2+ {
? f5!} Bf5 {ab jetzt 1 min/Z} 61. Ba4 {+2,24 sieht noch nichts} Ra8 {
Polgar jetzt mit +1,77 für sich schon} 62. Ke3 Rxa5 63. Bc6 Be6 64. Be4+ Kg7
65. Ke2 Rh5 66. Kf2 Bd7 67. Kg2 Rh6 68. b3 Rb6 69. Bc2 Rd6 70. Be4 Rxd4 71. f5
Kf6 72. Kh3 Kg5 73. Bb1 Bc6 74. Be4 Bxe4 75. fxe4 Rxe4 0-1

[Event "Turnier 1900-2000 "]
[Site "?"]
[Date "2006.??.??"]
[Round "?"]
[White "Citrine, Novag"]
[Black "Super Expert B 6 MHz, Novag"]
[Result "1-0"]
[ECO "A27"]
[WhiteElo "1990"]
[BlackElo "1919"]
[Annotator "Thomas Jäger"]
[PlyCount "99"]
[EventDate "2006.??.??"]
[TimeControl "300+2"]

{32MB, book.ctg, ANJATHOMAS} 1. c4 e5 2. Nc3 Nc6 3. Nf3 g6 4. d4 exd4 5. Nxd4 {
letzter Buchzug} Bg7 {letzter Buchzug} 6. e3 Nge7 7. Be2 O-O 8. O-O d6 9. Nxc6
Nxc6 10. Qb3 Ne5 11. Rd1 Ng4 12. f3 Nf6 13. c5 Ne8 14. Ne4 Qe7 15. cxd6 Nxd6
16. Nxd6 cxd6 17. Qa3 Rd8 18. e4 f5 19. Bf4 fxe4 20. Bxd6 Qe8 21. Rac1 exf3 22.
Bxf3 Qb5 23. b3 Qe8 24. Rc7 Rd7 25. Rxd7 Bxd7 {!} 26. Bxb7 Bg4 27. Bxa8 Bxd1
28. Bd5+ Kh8 29. Be7 Qb8 30. Qc5 Qb6 31. Kf1 Qb8 32. h3 h6 33. g4 Qe8 34. Qxa7
Qb5+ 35. Bc4 Qe8 36. Kf2 Bc2 37. Bd5 Bb1 38. a3 Qc8 39. Qc5 Qa6 40. Bc4 Qa8 41.
Bd5 Qa6 42. h4 Kh7 43. Bc4 Qb7 44. Qd5 Qb8 45. Kf3 Qc8 46. Bd8 Be4+ 47. Kxe4
Qxg4+ 48. Kd3 Qd1+ 49. Ke3 Qxd5 {SEB sieht, dass es kein ewiges Schach gibt}
50. Bxd5 1-0

[Event "Turnier 1900-2000 "]
[Site "?"]
[Date "2006.??.??"]
[Round "?"]
[White "Polgar, Mephisto"]
[Black "Roma II, Mephisto"]
[Result "1-0"]
[ECO "B01"]
[WhiteElo "1970"]
[BlackElo "1970"]
[Annotator "Thomas Jäger"]
[PlyCount "49"]
[EventDate "2006.??.??"]
[TimeControl "300+2"]

{32MB, book.ctg, ANJATHOMAS} 1. e4 d5 2. exd5 Qxd5 3. Nc3 Qa5 4. d4 Nf6 5. Nf3
c6 6. Bc4 {letzter Buchzug} Bg4 {letzter Buchzug} 7. Bd2 Bxf3 8. Qxf3 Qb6 9.
O-O-O Qxd4 {sehr seltsame Eröffnungsbehandlung des Roma} 10. Nb5 {!} Qb6 11.
Ba5 {erstaunlich, dass der Polgar das spielt. Le3 war vielleicht noch besser}
Qxa5 12. Qf5 e6 13. Nd6+ Bxd6 14. Qxa5 Bf4+ 15. Kb1 b6 16. Qa3 {
eigentlich ist es schon vorbei} a6 17. Rhe1 Ra7 18. g3 Bc7 19. Bxe6 fxe6 20.
Rxe6+ Kf7 21. Qe7+ Kg6 22. g4 h6 23. f4 Rg8 24. h4 Kh7 25. Rxf6 1-0

[Event "Turnier 1900-2000 "]
[Site "?"]
[Date "2006.??.??"]
[Round "?"]
[White "Elite V2, Fidelity"]
[Black "Citrine, Novag"]
[Result "1/2-1/2"]
[ECO "D25"]
[WhiteElo "1993"]
[BlackElo "1990"]
[Annotator "Thomas Jäger"]
[PlyCount "147"]
[EventDate "2006.??.??"]
[TimeControl "300+2"]

{32MB, book.ctg, ANJATHOMAS} 1. d4 d5 2. Nf3 Nf6 3. c4 dxc4 4. e3 Bg4 5. Bxc4
e6 6. Nc3 Nbd7 7. h3 Bh5 8. O-O Bd6 9. e4 e5 10. Be2 O-O 11. dxe5 Nxe5 12. Nd4
Bxe2 13. Qxe2 Ng6 14. Rd1 Qc8 15. Bg5 {letzter Buchzug} Be5 {letzter Buchzug}
16. Nf3 Bxc3 17. bxc3 Qe6 18. Bxf6 Qxf6 19. Rab1 b6 20. Qe3 Rad8 21. Rd4 c5 22.
Rd5 Rfe8 23. c4 Nf4 24. Rdd1 a6 25. Kh2 Ng6 26. Rxd8 Rxd8 27. e5 Qe6 28. Qc3
Kh8 29. g3 Kg8 30. Qb3 Nxe5 31. Nxe5 Qxe5 32. Qxb6 Qd4 33. Kg1 Qd7 34. Qxc5
Qxh3 35. Qb6 Qc8 36. c5 h6 37. a3 {c6!} Rd3 38. Qb4 Qe6 39. Re1 Qd7 40. Qb8+
Kh7 41. Qb1 g6 42. Qb4 Qd5 43. Qa5 {?!} Rf3 44. Re2 Rf5 45. Qc3 Qd1+ 46. Qe1
Qxe1+ 47. Rxe1 Rxc5 48. Re4 Kg7 49. Kg2 f5 50. Re6 a5 51. Ra6 Rd5 52. Ra7+ Kf6
53. f4 Rc5 54. Ra6+ Kf7 55. Ra7+ Kf6 56. Ra6+ Kg7 57. Ra7+ Kg8 58. Ra8+ Kg7 59.
Ra7+ Kf8 60. Ra6 Rc2+ {ab jetzt 1 min/z} 61. Kf1 Kf7 62. Rxa5 Ra2 63. a4 Kf6
64. Ra6+ Kf7 65. a5 Kg7 66. Ra8 Kf6 67. a6 g5 68. a7 Kg7 69. fxg5 hxg5 70. Kg1
f4 71. g4 f3 72. Kf1 Kh7 73. Rf8 Rxa7 74. Rxf3 1/2-1/2

[Event "Turnier 1900-2000 "]
[Site "?"]
[Date "2006.??.??"]
[Round "?"]
[White "Roma II, Mephisto"]
[Black "Polgar, Mephisto"]
[Result "1-0"]
[ECO "A45"]
[WhiteElo "1970"]
[BlackElo "1970"]
[Annotator "Thomas Jäger"]
[PlyCount "113"]
[EventDate "2006.??.??"]
[TimeControl "300+2"]

{32MB, book.ctg, ANJATHOMAS} 1. d4 Nf6 2. Bg5 {letzter Buchzug} Ne4 3. Bh4 c5
4. f3 Qa5+ 5. c3 Nf6 6. d5 d6 7. e4 g6 8. Nd2 Bg7 {letzter Buchzug} 9. f4 Nbd7
10. Be2 b5 11. Nh3 b4 12. c4 O-O 13. O-O Rb8 14. Qc2 Ba6 15. f5 Ne5 16. fxg6
hxg6 17. Ng5 Neg4 18. Rf4 Ne5 19. b3 Nfg4 20. Qc1 Nf6 21. a4 Bc8 22. h3 Ned7
23. Qf1 Ne5 24. Rd1 Bh6 25. Rf2 Bd7 26. Ndf3 Nxf3+ 27. Rxf3 Bg7 28. Qf2 Qb6 29.
Rf4 Qc7 30. Kh1 a6 31. Rf1 Bh6 32. Bd3 Bg7 33. Rf3 Rfc8 34. Bg3 Rf8 35. e5 {
endlich +1,50} dxe5 36. Qe1 Qa7 37. Qxe5 Rbe8 38. Qe3 Bh6 39. Bf4 Nh5 40. Ne6 {
!? jetzt wird es noch taktisch!?} Nxf4 41. Nxf8 Rxf8 42. Qxe7 {
! da hat der Roma wirklich weit gerechnet} Nxd3 43. Rxf7 Rxf7 44. Qxf7+ Kh8 45.
Qxg6 Bf4 46. Qxd3 Qc7 47. Qe4 Be5 48. Rf7 Bg7 49. Qe7 Qg3 50. Qd8+ Kh7 51. Qxd7
{es gibt kein ewiges Schach} Qe1+ 52. Kh2 Qe5+ 53. g3 Qe2+ 54. Kg1 Qe1+ 55. Kg2
Qe4+ 56. Rf3 Qc2+ 57. Rf2 1-0

[Event "Turnier 1900-2000 "]
[Site "?"]
[Date "2006.??.??"]
[Round "?"]
[White "Citrine, Novag"]
[Black "Elite V2, Fidelity"]
[Result "1-0"]
[ECO "C60"]
[WhiteElo "1990"]
[BlackElo "1993"]
[Annotator "Thomas Jäger"]
[PlyCount "129"]
[EventDate "2006.??.??"]
[TimeControl "300+2"]

{32MB, book.ctg, ANJATHOMAS} 1. e4 e5 2. Nf3 Nc6 3. Bb5 Nge7 4. O-O g6 5. c3 {
letzter Buchzug} Bg7 6. d4 exd4 7. cxd4 d5 8. Bxc6+ bxc6 {letzter Buchzug} 9.
e5 f6 10. Qa4 O-O 11. Nc3 Bd7 12. exf6 Bxf6 13. Re1 Nf5 14. Ne5 Be8 15. Bf4 c5
16. Qb3 c4 {Sd4 war wohl besser} 17. Qb7 c6 18. Nxc6 Bxc6 19. Qxc6 Nxd4 20.
Qxd5+ Qxd5 21. Nxd5 Nc2 22. Re6 Nxa1 {oder Lb2} 23. Nxf6+ Kf7 24. Rc6 Rfd8 25.
h3 Kg7 26. Be5 Rac8 27. Ra6 Ra8 28. Nd5+ Kg8 29. Ne3 Rd7 30. Rc6 Re8 31. Bc3
Re4 32. Nxc4 Rd8 {
Material ist ungefähr gleich, doch die weißen Figuren sind aktiver} 33. Rc7
Rd1+ 34. Kh2 Re2 35. Kg3 a6 36. Rg7+ Kf8 37. Ne3 Rdd2 38. Bxd2 Rxd2 39. Rb7 h5
40. Kf3 Nc2 41. Nxc2 Rxc2 42. Ke3 g5 43. a3 g4 44. hxg4 hxg4 45. g3 {
Citrine sieht sich seit Zügen gut 3 BE vorne, Elite gut 2 hinten} a5 46. f3
gxf3 47. Kxf3 Ke8 48. g4 Kd8 49. g5 Ke8 50. g6 Kf8 51. g7+ Kg8 52. b4 Rc3+ 53.
Kf4 {Ke4} Rxa3 54. b5 a4 55. Kf5 Kh7 56. Ke6 Rg3 57. Ra7 a3 58. b6 Rb3 59. Kf7
Rf3+ 60. Ke8 Kg8 {ab jetzt 1 min/Z} 61. b7 Rb3 62. Kd7 Kxg7 63. Kc7 Kf6 64.
b8=Q Rxb8 65. Kxb8 1-0

[Event "Turnier 1900-2000 "]
[Site "?"]
[Date "2006.??.??"]
[Round "?"]
[White "Polgar, Mephisto"]
[Black "Roma II, Mephisto"]
[Result "1-0"]
[ECO "B04"]
[WhiteElo "1970"]
[BlackElo "1970"]
[Annotator "Thomas Jäger"]
[PlyCount "137"]
[EventDate "2006.??.??"]
[TimeControl "300+2"]

{32MB, book.ctg, ANJATHOMAS} 1. e4 Nf6 2. e5 Nd5 3. d4 d6 4. Nf3 {
letzter Buchzug} Nc6 5. Bb5 a6 6. Bxc6+ bxc6 7. O-O Bg4 {letzter Buchzug} 8. h3
Bh5 9. Re1 e6 10. Nbd2 Be7 11. c4 Nb6 12. a4 O-O 13. a5 Nd7 14. Qa4 c5 15. d5
exd5 16. cxd5 Nxe5 17. Nxe5 dxe5 18. Rxe5 Bg6 19. Re2 Re8 20. Qc6 {?} Bd3 21.
Re3 Bb5 22. Qb7 Qd7 23. d6 cxd6 24. Qxd7 Bxd7 25. Nc4 Rab8 26. Nb6 Bc6 27. Bd2
Bf6 28. Rxe8+ Rxe8 29. Bc3 Re6 30. Bxf6 Rxf6 31. Rd1 Re6 32. f4 Kf8 33. Kf2 Rf6
34. g3 g5 35. Ke3 Re6+ 36. Kf2 gxf4 37. gxf4 Rf6 38. Kg3 Rg6+ 39. Kf2 Rh6 40.
Kg3 Be4 41. Nd5 Rg6+ 42. Kh4 Bxd5 43. Rxd5 Ke7 44. Rd2 Ke6 45. Re2+ Kf5 46. Re7
f6 47. Kh5 Rg2 48. Ra7 Rxb2 49. Rxa6 Rd2 50. Kh6 Kxf4 51. h4 f5 52. Kxh7 Kg4
53. Kg6 f4 54. h5 f3 55. Rb6 f2 56. Rb1 Kf3 57. h6 Rb2 58. Rc1 Kg2 59. h7 Rb8
60. Kg7 c4 {
ab jetzt 1min/Z unglaubliches Pech des Roma. Er musste mit Tb7 Züge wiederholen
} 61. h8=Q Rxh8 62. Kxh8 {jetzt sieht es der Roma!} f1=Q 63. Rxf1 Kxf1 64. a6
Ke2 (64... c3 65. a7 c2 66. a8=Q c1=Q 67. Qh1+) 65. a7 Kd3 66. a8=Q Kd4 67.
Qa1+ Kc5 68. Qa3+ Kc6 69. Kg7 1-0

[Event "Turnier 1900-2000 "]
[Site "?"]
[Date "2006.??.??"]
[Round "?"]
[White "Super Expert B 6 MHz, Novag"]
[Black "Polgar, Mephisto"]
[Result "1/2-1/2"]
[ECO "C43"]
[WhiteElo "1919"]
[BlackElo "1970"]
[Annotator "Thomas Jäger"]
[PlyCount "141"]
[EventDate "2006.??.??"]
[TimeControl "300+2"]

{32MB, book.ctg, ANJATHOMAS} 1. e4 e5 2. Nf3 Nf6 3. d4 Nxe4 4. Bd3 d5 5. Nxe5
Nd7 6. Qe2 {letzter Buchzug Roma spielte Sd7 hier} Qe7 {letzter Buchzug} 7. Nf3
{Citrine spielte hier Lf4} Ndf6 8. O-O Bg4 9. h3 Bxf3 10. Qxf3 O-O-O {mutig}
11. Re1 Qd7 12. Nd2 Ng5 13. Qf5 h6 14. Qxd7+ Nxd7 15. c3 Bd6 16. c4 Rde8 17.
Rxe8+ Rxe8 18. cxd5 Re1+ 19. Nf1 Rd1 20. Bc2 Rxd4 21. Bb3 Nc5 22. Be3 Nxb3 23.
axb3 Rxd5 24. Rxa7 Ne6 25. Nd2 Bc5 26. Ra8+ Kd7 27. Nf3 Bxe3 28. fxe3 Kd6 29.
b4 Rb5 30. Ra4 f5 31. Kf2 g5 32. g3 Rb6 33. e4 fxe4 34. Nd2 Kd5 35. Ke3 Ra6 36.
Ra5+ Rxa5 37. bxa5 Nc5 38. b4 Ne6 39. b5 Kc5 40. a6 bxa6 41. bxa6 Kb6 42. Kxe4
Kxa6 43. Kf5 Nf8 44. Kf6 Kb5 45. Kg7 Ne6+ 46. Kxh6 c5 47. Kg6 Kc6 48. Kf5 Kd5
49. Kf6 Kd6 50. Ne4+ Kd5 51. Nc3+ Kd4 52. Ne2+ Kd5 53. h4 gxh4 54. gxh4 Nf8 55.
h5 Ke4 56. Kf7 Nh7 57. Kg7 Ng5 58. h6 Kd3 59. Nf4+ Ke3 60. Nh3 {Sd5!} (60. Nd5+
Ke4 61. Kg6 Ne6 62. Nf6+ Kf4 63. Nd7 Ng5 64. Nxc5 Kg4 65. Ne4) 60... c4 61.
Nxg5 c3 62. h7 c2 63. h8=Q c1=Q 64. Qe8+ Kf2 65. Qf7+ Kg1 66. Nh3+ Kh2 67. Nf4
Qb2+ 68. Kh7 Qc2+ 69. Kh6 Qd2 70. Kg6 Kg1 71. Kf5 1/2-1/2

[Event "Turnier 1900-2000 "]
[Site "?"]
[Date "2006.??.??"]
[Round "?"]
[White "Elite V2, Fidelity"]
[Black "Citrine, Novag"]
[Result "1-0"]
[ECO "C82"]
[WhiteElo "1993"]
[BlackElo "1990"]
[Annotator "Thomas Jäger"]
[PlyCount "147"]
[EventDate "2006.??.??"]
[TimeControl "300+2"]

{32MB, book.ctg, ANJATHOMAS} 1. d4 Nf6 {letzter Buchzug!} 2. Nf3 e6 3. Bg5 Be7
4. Nbd2 {letzter Buchzug} h6 5. Bxf6 Bxf6 6. e3 d6 7. Bb5+ Bd7 8. Qe2 O-O 9.
O-O-O a6 10. Bd3 Nc6 11. Ne4 Nb4 12. Kb1 Be7 13. h3 b6 14. Ng3 Nxd3 15. Qxd3 c5
16. d5 b5 17. dxe6 Bxe6 18. Nf5 d5 19. Nxe7+ Qxe7 20. Rd2 Rfe8 21. Rhd1 b4 22.
g3 Bxh3 23. Ng1 Be6 24. Ne2 c4 25. Qd4 c3 26. bxc3 bxc3 27. Nxc3 Qa3 28. Ne2
Rab8+ 29. Ka1 Rec8 30. Rd3 Qa5 31. Qe5 Rb7 {Lg4 !} 32. Nd4 Rb6 33. e4 Rc4 34.
Nb3 Qa4 35. Rd4 dxe4 {Da3! jetzt hält es Weiss} 36. Qxe4 Rd6 37. R1d3 Rdxd4 38.
Rxd4 Rxd4 39. Qxd4 Qc4 40. Qxc4 Bxc4 41. Kb2 Kf8 42. Kc3 Be2 43. Kb4 Ke7 44.
Nc5 Kd6 45. c4 a5+ 46. Kb5 Ke5 47. a4 Kd4 48. Nb3+ Kc3 49. Nxa5 Bd3 50. Kb6 Bc2
51. c5 Bxa4 52. c6 Kd3 {? nach Lc6 kann Weiss nicht gewinnen} 53. c7 Bd7 54.
Nc6 {Kc5!} Ke2 55. f3 f6 56. Nd4+ (56. Kc5 Kxf3 57. Kd6 Bc8 58. Ke7 Kxg3 59.
Kd8 Bb7 60. Na5 Ba6 61. Nb3 h5 62. Nc5 {so, oder so ähnlich könnte es klappen})
56... Ke3 57. Kc5 Bc8 58. f4 g5 {! vielleicht das Einzige - lange an Kf2
gerechnet, bis er sah, dass es nach Sc6 verliert} 59. fxg5 fxg5 60. Nb5 Bg4 {
ab jetzt 1 min/Z} 61. Nd6 Kf3 62. Nf7 Kxg3 63. Nxh6 Bc8 64. Ng8 Kf4 65. Ne7 Bg4
66. Kd5 {Sd5} Kf3 67. Ke5 Bd7 68. Kd6 Bh3 69. Nd5 Bc8 70. Kc6 Ke4 {
? g4! gewinnt der elite jetzt doch noch?} 71. Nb6 Ba6 {Citrine siehts jetzt}
72. Nc4 Kf5 73. Nd6+ Ke5 74. Nb7 {Citrine gibt mit Lb7 auf} 1-0

[Event "Turnier 1900-2000 "]
[Site "?"]
[Date "2006.??.??"]
[Round "?"]
[White "Citrine, Novag"]
[Black "Elite V2, Fidelity"]
[Result "0-1"]
[ECO "B83"]
[WhiteElo "1990"]
[BlackElo "1993"]
[Annotator "Thomas Jäger"]
[PlyCount "114"]
[EventDate "2006.??.??"]
[TimeControl "300+2"]

{32MB, book.ctg, ANJATHOMAS} 1. e4 c5 2. Nf3 e6 3. d4 cxd4 4. Nxd4 Nf6 5. Nc3
d6 6. Be2 Be7 7. O-O O-O 8. f4 Nc6 9. Be3 Qc7 10. Kh1 {letzter Buchzug} Nxd4
11. Qxd4 a6 {letzter Buchzug} 12. Qb6 {SEB spielte Tad1} Qxb6 13. Bxb6 Bd7 14.
Bf3 Bc6 15. Rad1 Rac8 16. a3 Nd7 17. Be3 Nc5 18. f5 b5 19. Rd4 Bb7 20. Rfd1
Rfe8 21. fxe6 Nxe6 22. R4d3 Nc5 23. Bg4 Rcd8 24. Bxc5 dxc5 25. Rd7 Rxd7 26.
Rxd7 Ba8 27. a4 bxa4 28. Be2 Bf6 29. Bc4 Rf8 30. Nxa4 Bc6 31. Nxc5 Bxd7 32.
Nxd7 Re8 33. Nxf6+ gxf6 34. Kg1 a5 35. Bd5 f5 36. exf5 Re5 37. Bf3 Rxf5 38. Kf2
a4 39. c4 {?} Rf4 40. c5 Rb4 41. Ke3 Rxb2 42. c6 a3 43. Kd3 Rb3+ (43... Rb1 44.
Bd5 Rd1+ 45. Ke4 Rc1 46. Kd3 Rxc6 47. Bxc6 a2) 44. Kc2 Rb5 45. c7 Rc5+ 46. Kb3
Rxc7 47. Kxa3 f5 48. Kb4 Kf7 49. Kb5 Ke6 50. Kb4 Ke5 51. Kb3 Kd4 52. Kb2 Ke3
53. Kb1 f4 54. Ka2 Rg7 55. Kb2 Kf2 56. Kc3 Rxg2 57. Be4 Rxh2 0-1